[Event "Titled Tuesday Blitz May 11 2021"]
[White "Urazayev, Arystanbek"]
[Black "Le, Tuan Minh"]
[WhiteFideId "13709810"]
[BlackFideId "12401153"]
[WhiteElo "2321"]
[BlackElo "2450"]
[Result "1-0"]
[Round "08"]
[TimeControl "180+1"]
[Date "2021.05.11"]
[WhiteClock "0:00:07"]
[BlackClock "0:00:03"]

1. e4 c5 2. Nf3 Nf6 3. e5 Nd5 4. c3 Nc6 5. Bc4 Nb6 6. Bb3 d5 7. exd6 c4 8. Bc2 Qxd6 9. b3 Qe6+ 10. Kf1 g6 11. Na3 cxb3 12. axb3 Bg7 13. h4 h6 14. d4 O-O 15. Qd3 Qf6 16. Be3 Nd5 17. Nc4 Rd8 18. Qd2 Bf5 19. Bxf5 Qxf5 20. Bxh6 Bf6 21. Ne3 Nxe3+ 22. Bxe3 e5 23. h5 gxh5 24. Qe2 exd4 25. Nxd4 Nxd4 26. cxd4 Rd5 27. Rh3 a6 28. Rf3 Qe6 29. Rg3+ Kh8 30. Re1 Rg8 31. Rh3 Qg4 32. Qxg4 Rxg4 33. f3 Rh4 34. Rxh4 Bxh4 35. Rc1 Rb5 36. Rc3 Kg7 37. Ke2 Kf6 38. Kd3 Ke6 39. Kc2 Be7 40. Rc7 Bd6 41. Rc8 Ra5 42. Rh8 Ra2+ 43. Kd3 Rxg2 44. Rh6+ f6 45. Rxh5 Rb2 46. Kc3 Re2 47. Kd3 Rb2 48. d5+ Kf7 49. Kc3 Re2 50. Bd4 Kg6 51. Rh8 Re1 52. Rd8 Bf4 53. d6 Kf7 54. Rd7+ Ke8 55. Rxb7 Bxd6 56. Bxf6 Re3+ 57. Kc4 Rxf3 58. Bd4 Be7 59. Ra7 Rf1 60. Rxa6 Rf5 61. Ra7 Rf4 62. Kd5 Rf5+ 63. Ke6 1-0


[Site "https://www.chess.com"]

[Event "Titled Tuesday Blitz May 11 2021"]
[White "Xiong, Jeffery"]
[Black "Drygalov, Sergey"]
[WhiteFideId "2047640"]
[BlackFideId "24171743"]
[WhiteElo "2724"]
[BlackElo "2538"]
[Result "1-0"]
[Round "08"]
[TimeControl "180+1"]
[Date "2021.05.11"]
[WhiteClock "0:01:33"]
[BlackClock "0:00:07"]

1. e4 c5 2. Nf3 e6 3. b3 b6 4. Bb2 Bb7 5. Qe2 Nf6 6. e5 Nd5 7. g3 Be7 8. Na3 O-O 9. Bg2 Nc6 10. O-O Rc8 11. Nb5 d6 12. exd6 Bxd6 13. d4 cxd4 14. Nfxd4 Nxd4 15. Bxd4 Ba6 16. a4 Nc3 17. Qg4 e5 18. Bxc3 Bxb5 19. axb5 Rxc3 20. Rxa7 Rxc2 21. Rd7 Qc8 22. Bb7 Qc5 23. Qd1 Bb8 24. Bd5 Rc3 25. Bc4 e4 26. Qg4 Qe5 27. Rxf7 1-0


[Site "https://www.chess.com"]

[Event "Titled Tuesday Blitz May 11 2021"]
[White "Yoo, Christopher Woojin"]
[Black "Belous, Vladimir"]
[WhiteFideId "30909694"]
[BlackFideId "4174003"]
[WhiteElo "2009"]
[BlackElo "2583"]
[Result "0-1"]
[Round "08"]
[TimeControl "180+1"]
[Date "2021.05.11"]
[WhiteClock "0:01:35"]
[BlackClock "0:01:53"]

1. e4 c5 2. Nf3 Nc6 3. c3 Nf6 4. e5 Nd5 5. d4 cxd4 6. Qb3 Nc7 7. Bc4 e6 8. cxd4 Na5 9. Qc2 Nxc4 10. Qxc4 b6 11. Bg5 f6 12. exf6 gxf6 13. Bxf6 Qxf6 14. Qxc7 Rg8 15. Rg1 Bb4+ 16. Kd1 Rxg2 17. Nbd2 Bxd2 0-1


[Site "https://www.chess.com"]

[Event "Titled Tuesday Blitz May 11 2021"]
[White "Yuan, Qingyu"]
[Black "Shimanov, Aleksandr"]
[WhiteFideId "8609772"]
[BlackFideId "4198603"]
[WhiteElo "2359"]
[BlackElo "2596"]
[Result "1-0"]
[Round "08"]
[TimeControl "180+1"]
[Date "2021.05.11"]
[WhiteClock "0:00:10"]
[BlackClock "0:00:03"]

1. e4 c6 2. d4 d5 3. e5 Bf5 4. Nd2 e6 5. Nb3 Nd7 6. Nf3 h6 7. Be2 Ne7 8. O-O a5 9. a4 g5 10. Bd2 Qc7 11. Ne1 c5 12. dxc5 Nc6 13. Bb5 Bg7 14. Nd3 Bxd3 15. cxd3 Bxe5 16. Qh5 Nf6 17. Qh3 Ke7 18. Rae1 Bf4 19. Bc3 Ne5 20. Bxe5 Bxe5 21. d4 Bf4 22. g3 g4 23. Qg2 Bg5 24. f4 gxf3 25. Qxf3 Rag8 26. Re5 Rg6 27. Bd3 Rhg8 28. Bxg6 Rxg6 29. Kh1 Ke8 30. h4 Ne4 31. hxg5 hxg5 32. Rxe4 dxe4 33. Qxe4 Rh6+ 34. Kg2 Qd7 35. Qf3 Kf8 36. Nd2 Kg7 37. Ne4 f5 38. Nd6 g4 39. Qxb7 Qxb7+ 40. Nxb7 Kf6 41. Nd6 Rh7 42. c6 1-0


[Site "https://www.chess.com"]

[Event "Titled Tuesday Blitz May 11 2021"]
[White "Artemiev, Vladislav"]
[Black "Jobava, Baadur"]
[WhiteFideId "24101605"]
[BlackFideId "13601520"]
[WhiteElo "2783"]
[BlackElo "2748"]
[Result "1-0"]
[Round "09"]
[TimeControl "180+1"]
[Date "2021.05.11"]
[WhiteClock "0:00:06"]
[BlackClock "0:00:01"]

1. e4 e5 2. Nf3 Nf6 3. Nc3 d6 4. Bc4 Be7 5. d3 c6 6. O-O O-O 7. a3 Nbd7 8. Re1 h6 9. Ba2 Re8 10. Ne2 Nf8 11. Ng3 Be6 12. c3 Bxa2 13. Rxa2 Ng6 14. b4 Bf8 15. Qb3 a5 16. a4 axb4 17. cxb4 d5 18. h3 Qb6 19. Bd2 Rad8 20. Rb2 Nf4 21. Nxe5 Nxh3+ 22. gxh3 Rxe5 23. Kg2 Ree8 24. Be3 Qc7 25. b5 dxe4 26. bxc6 Qxc6 27. dxe4 Nxe4 28. Qxb7 Qg6 29. Rb6 Rd6 30. Rxd6 Bxd6 31. Bf4 Rb8 32. Qxe4 Bxf4 33. Qxf4 Ra8 34. Re4 Ra5 35. h4 Kh7 36. Rd4 1-0


[Site "https://www.chess.com"]

[Event "Titled Tuesday Blitz May 11 2021"]
[White "Belous, Vladimir"]
[Black "Praggnanandhaa R"]
[WhiteFideId "4174003"]
[BlackFideId "25059530"]
[WhiteElo "2583"]
[BlackElo "2555"]
[Result "0-1"]
[Round "09"]
[TimeControl "180+1"]
[Date "2021.05.11"]
[WhiteClock "0:00:02"]
[BlackClock "0:00:06"]

1. c4 Nf6 2. Nf3 g6 3. Nc3 Bg7 4. e4 d6 5. d4 O-O 6. h3 Nc6 7. d5 Nb4 8. a3 Na6 9. Be3 e6 10. Bd3 Re8 11. O-O exd5 12. cxd5 Nc5 13. Bxc5 dxc5 14. Bc2 Nd7 15. Ba4 Bxc3 16. bxc3 Rxe4 17. Re1 Rxe1+ 18. Qxe1 Nf6 19. c4 Bd7 20. Bc2 Ne8 21. Ne5 Nd6 22. Qe3 b6 23. Qf4 Qe7 24. Re1 Re8 25. Re3 Qd8 26. g4 Kg7 27. g5 Bf5 28. Ba4 Rf8 29. Nc6 Qc8 30. h4 f6 31. Ne7 Qd8 32. h5 fxg5 33. Qe5+ Rf6 34. h6+ Kf7 35. Nxf5 Nxf5 36. Be8+ Kf8 37. Bc6 Nxe3 38. fxe3 Qe7 39. Qg3 Rf5 40. d6 Qxd6 41. Qg2 Qd1+ 42. Kh2 Qe1 43. Bf3 Qh4+ 44. Kg1 Qe1+ 45. Kh2 Qxe3 46. Qb2 Qe5+ 0-1


[Site "https://www.chess.com"]

[Event "Titled Tuesday Blitz May 11 2021"]
[White "Borsuk, Konstantin"]
[Black "Narayanan.S.L"]
[WhiteFideId "14113406"]
[BlackFideId "5058422"]
[WhiteElo "2363"]
[BlackElo "2617"]
[Result "0-1"]
[Round "09"]
[TimeControl "180+1"]
[Date "2021.05.11"]
[WhiteClock "0:00:01"]
[BlackClock "0:01:30"]

1. d4 Nf6 2. c4 Nc6 3. Nf3 e6 4. a3 d6 5. Nc3 g6 6. e4 Bg7 7. Be2 O-O 8. O-O Re8 9. h3 e5 10. dxe5 Nxe5 11. Nd4 c6 12. Bg5 Qb6 13. Rb1 Ned7 14. Be3 Qd8 15. f3 a5 16. Qd2 a4 17. Rfd1 Qa5 18. Nc2 Bf8 19. g4 Ne5 20. Kg2 Be6 21. Bg5 Nfd7 22. Ne3 Nxf3 23. Bxf3 Qxg5 24. h4 Qa5 25. Nf5 Ne5 26. Qg5 h6 27. Nxh6+ Bxh6 28. Qxh6 Bxg4 29. Bxg4 Nxg4 30. Qg5 Qxg5 31. hxg5 Ne3+ 32. Kf3 Nxd1 33. Rxd1 Re5 34. Kf4 Rc5 35. Rxd6 Rxc4 36. Rd7 b5 37. Ke3 b4 38. axb4 Rxb4 39. e5 a3 40. bxa3 Rxa3 41. Kd2 Rb2+ 42. Kc1 Rg2 43. Nb1 Re3 44. Nd2 Rxe5 0-1


[Site "https://www.chess.com"]

[Event "Titled Tuesday Blitz May 11 2021"]
[White "Dang, Hoang Son"]
[Black "Zhigalko, Sergei"]
[WhiteFideId "12402435"]
[BlackFideId "13502956"]
[WhiteElo "2248"]
[BlackElo "2662"]
[Result "0-1"]
[Round "09"]
[TimeControl "180+1"]
[Date "2021.05.11"]
[WhiteClock "0:00:03"]
[BlackClock "0:00:03"]

1. d4 Nf6 2. c4 e6 3. Nf3 b6 4. g3 Ba6 5. Qa4 Bb7 6. Bg2 c5 7. O-O cxd4 8. Nxd4 Bxg2 9. Kxg2 Qc7 10. Nc3 Be7 11. Rd1 a6 12. f3 O-O 13. Bf4 Qb7 14. Rd2 Rc8 15. Rad1 h6 16. e4 d6 17. Nde2 Ne8 18. e5 dxe5 19. Bxe5 Nf6 20. Bxf6 Bxf6 21. Ne4 Be7 22. Nd6 Bxd6 23. Rxd6 Nc6 24. Qb3 Na5 25. Rxb6 Qc7 26. Qb4 Nxc4 27. Rb7 Ne3+ 28. Kh3 Qc2 29. Qf4 Rf8 30. Re1 Nd5 31. Qe4 Qd2 32. Nf4 Nxf4+ 33. gxf4 Rad8 34. Re2 Qd1 35. Rg2 Qf1 36. Qe2 Qxe2 37. Rxe2 Rd4 38. Kg3 Rd3 39. Ra7 Rd6 40. Re4 Rb8 41. b3 Rb5 42. Rc4 Rf5 43. Rc8+ Kh7 44. Rcc7 Kg6 45. h4 h5 46. Rc8 Rd4 47. Rc4 Rd1 48. Rxa6 Rg1+ 49. Kh2 Rf1 50. Kg2 Rd1 51. a4 Rfd5 52. Rc2 Rb1 53. Rb6 Rdd1 54. Kf2 Rh1 55. Ke3 Rxh4 56. Rg2+ Kf6 57. a5 Ra1 58. a6 Rhh1 59. b4 h4 60. b5 h3 61. Re2 h2 62. Rb8 Rhe1 63. Rh8 h1=Q 64. Rxh1 Rxh1 65. Rb2 Rh5 66. b6 Ra3+ 67. Kf2 Rxa6 68. b7 Rh2+ 69. Kg3 Rxb2 0-1


[Site "https://www.chess.com"]

[Event "Titled Tuesday Blitz May 11 2021"]
[White "Demin, Vladimir"]
[Black "Sapunov, Evgeny"]
[WhiteFideId "4167457"]
[BlackFideId "4126661"]
[WhiteElo "2533"]
[BlackElo "2470"]
[Result "1-0"]
[Round "09"]
[TimeControl "180+1"]
[Date "2021.05.11"]
[WhiteClock "0:00:30"]
[BlackClock "0:00:16"]

1. e4 c5 2. Nf3 d6 3. d4 cxd4 4. Qxd4 a6 5. Be3 e6 6. Nc3 Nd7 7. O-O-O Qc7 8. g4 Ngf6 9. g5 Ng4 10. h4 Nxe3 11. Qxe3 Be7 12. Nd4 b5 13. f4 b4 14. Nce2 Bb7 15. Ng3 Rc8 16. Rh2 Nc5 17. f5 e5 18. Nb3 h6 19. f6 gxf6 20. gxh6 Bf8 21. Nf5 Nxb3+ 22. axb3 Qc5 23. Qf3 Bxh6+ 24. Kb1 Rd8 25. Bc4 Bf4 26. Rg2 Bc8 27. Ng7+ Ke7 28. Nh5 Qe3 29. Rg7 Rhf8 30. Qg2 Be6 31. Qg6 Bxc4 32. Qxf6+ Kd7 33. bxc4 Kc6 34. Rxf7 Rxf7 35. Qxf7 Qxe4 36. Nf6 Qf3 37. Rd3 Qh1+ 38. Ka2 a5 39. Nd5 Rd7 40. Qe8 1-0


[Site "https://www.chess.com"]

[Event "Titled Tuesday Blitz May 11 2021"]
[White "Fier, Alexandr"]
[Black "Fernandez, Daniel Howard"]
[WhiteFideId "2107139"]
[BlackFideId "5801605"]
[WhiteElo "2569"]
[BlackElo "2468"]
[Result "1-0"]
[Round "09"]
[TimeControl "180+1"]
[Date "2021.05.11"]
[WhiteClock "0:00:12"]
[BlackClock "0:00:10"]

1. e4 c5 2. Nf3 d6 3. d4 cxd4 4. Nxd4 Nf6 5. Nc3 a6 6. Bg5 e6 7. f4 h6 8. Bh4 Qb6 9. Qd2 Qxb2 10. Rb1 Qa3 11. e5 dxe5 12. fxe5 Nfd7 13. Ne4 Qxa2 14. Rd1 Qd5 15. Qe3 Qxe5 16. c3 Bc5 17. Bg3 Qd5 18. Bc4 Qxc4 19. Bd6 Bxd4 20. Rxd4 Qb5 21. Ba3 Qb1+ 22. Rd1 Qa2 23. Nd6+ Kf8 24. O-O Kg8 25. Rxf7 Nc6 26. Qg3 g5 27. Nxc8 Kxf7 28. Rxd7+ Ke8 29. Qc7 Qb1+ 30. Kf2 Qf5+ 31. Kg1 Qb1+ 32. Kf2 Qf5+ 33. Ke2 Qe5+ 34. Qxe5 Nxe5 35. Re7+ Kd8 36. Nb6 Nc6 37. Rg7 Ra7 38. Bd6 a5 39. Rc7 Ne7 40. Rxe7 Ra6 41. Rd7+ Ke8 42. Rxb7 1-0


[Site "https://www.chess.com"]

[Event "Titled Tuesday Blitz May 11 2021"]
[White "Gabrielian, Artur"]
[Black "Iskusnyh, Sergei"]
[WhiteFideId "4131002"]
[BlackFideId "4120027"]
[WhiteElo "2539"]
[BlackElo "2492"]
[Result "1-0"]
[Round "09"]
[TimeControl "180+1"]
[Date "2021.05.11"]
[WhiteClock "0:01:22"]
[BlackClock "0:00:03"]

1. d4 d5 2. c4 c6 3. Nf3 Nf6 4. Nc3 a6 5. c5 Bf5 6. Qb3 Qc8 7. Bf4 Nbd7 8. e3 Nh5 9. Be5 f6 10. Bg3 e5 11. Be2 Nxg3 12. hxg3 h6 13. Nh4 Bh7 14. Bh5+ Kd8 15. Bg6 Kc7 16. O-O Be7 17. f4 e4 18. Bxh7 Rxh7 19. Ng6 Qe8 20. f5 h5 21. Nf4 Kc8 22. Rac1 Bd8 23. Ncxd5 h4 24. g4 h3 25. gxh3 Qh8 26. Kg2 Rh4 27. Ng6 Qh6 28. Nxh4 Qxh4 29. Nf4 Bc7 30. Qg8+ Bd8 31. Ne6 1-0


[Site "https://www.chess.com"]

[Event "Titled Tuesday Blitz May 11 2021"]
[White "Goltsev, Dmitry"]
[Black "Jacobson, Brandon"]
[WhiteFideId "24176710"]
[BlackFideId "30901561"]
[WhiteElo "2366"]
[BlackElo "2362"]
[Result "0-1"]
[Round "09"]
[TimeControl "180+1"]
[Date "2021.05.11"]
[WhiteClock "0:00:57"]
[BlackClock "0:01:04"]

1. e4 c5 2. Nf3 Nc6 3. d4 cxd4 4. Nxd4 Nf6 5. Nc3 d6 6. Be2 e5 7. Nb3 Be7 8. Be3 O-O 9. O-O a5 10. f3 Be6 11. Nb5 a4 12. Nd2 d5 13. c3 d4 14. cxd4 exd4 15. Bf4 d3 16. Nc7 dxe2 17. Qxe2 Nd4 18. Qd3 Rc8 19. Rac1 Bxa2 20. Be5 Nb3 21. Qxd8 Rfxd8 22. Nxb3 Bxb3 23. Nb5 Bc4 24. Na7 Bc5+ 0-1


[Site "https://www.chess.com"]

[Event "Titled Tuesday Blitz May 11 2021"]
[White "Idani, Pouya"]
[Black "Indjic, Aleksandar"]
[WhiteFideId "12510130"]
[BlackFideId "911925"]
[WhiteElo "2610"]
[BlackElo "2643"]
[Result "0-1"]
[Round "09"]
[TimeControl "180+1"]
[Date "2021.05.11"]
[WhiteClock "0:00:01"]
[BlackClock "0:00:04"]

1. e4 e5 2. Nf3 Nf6 3. Nxe5 d6 4. Nf3 Nxe4 5. Qe2 Qe7 6. d3 Nf6 7. Bg5 Nbd7 8. Nc3 h6 9. Bd2 Qxe2+ 10. Bxe2 Nb6 11. O-O-O a6 12. Rde1 Kd8 13. h3 g6 14. g4 Bg7 15. Nh2 Nfd5 16. Ne4 Na4 17. c3 b5 18. Kc2 Rb8 19. d4 b4 20. c4 f5 21. gxf5 Bxf5 22. Bd3 Ne7 23. b3 Nb6 24. Be3 d5 25. Nd2 dxc4 26. bxc4 a5 27. d5 Nd7 28. Bxf5 Nxf5 29. Nhf3 a4 30. Rhg1 g5 31. h4 gxh4 32. Nxh4 Nxe3+ 33. Rxe3 Bf6 34. Nf5 Nc5 35. f4 Rf8 36. Rh1 Bc3 37. Nxh6 Bd4 38. Rf3 b3+ 39. axb3 a3 40. b4 a2 41. Ra3 Rxb4 42. Rxa2 Rxf4 43. Rh3 Rf2 44. Ng4 Re2 45. Kd1 Rg2 46. Ne3 Rb1+ 47. Nxb1 Rxa2 48. Nf5 Be5 49. Nd2 Kd7 50. Nf3 Bf4 51. Rh7+ Kc8 52. Ke1 Ne4 53. Re7 Nc3 54. Kf1 Na4 55. Re4 Bd6 56. Nxd6+ cxd6 57. Nd4 Nc5 58. Re7 Kd8 59. Rh7 Ke8 60. Nb5 Ne4 61. Rh4 Nd2+ 0-1


[Site "https://www.chess.com"]

[Event "Titled Tuesday Blitz May 11 2021"]
[White "Ivic, Velimir"]
[Black "Xiong, Jeffery"]
[WhiteFideId "950122"]
[BlackFideId "2047640"]
[WhiteElo "2509"]
[BlackElo "2724"]
[Result "0-1"]
[Round "09"]
[TimeControl "180+1"]
[Date "2021.05.11"]
[WhiteClock "0:00:03"]
[BlackClock "0:01:30"]

1. e4 Nf6 2. e5 Nd5 3. d4 d6 4. c4 Nb6 5. f4 Bf5 6. Nc3 e6 7. Be3 dxe5 8. fxe5 Be7 9. Nf3 Nc6 10. Be2 f6 11. exf6 Bxf6 12. O-O Qd7 13. d5 exd5 14. cxd5 Ne7 15. Qb3 O-O-O 16. Rfd1 Rhe8 17. d6 Bxc3 18. dxe7 Qxe7 19. Rxd8+ Rxd8 20. Bxb6 axb6 21. Qxc3 Qxe2 22. Nd4 Qe5 23. Nxf5 Qxf5 24. Qxg7 Qc5+ 25. Kh1 Qd4 26. Qxd4 Rxd4 27. Rf1 Rd2 28. h4 Rxb2 29. Rf8+ Kd7 30. Rf7+ Kd6 31. Rxh7 Rxa2 32. h5 b5 33. h6 b4 34. Rg7 b3 35. h7 Ra8 36. Rg8 b2 37. h8=Q b1=Q+ 38. Kh2 Rxg8 39. Qxg8 Qf5 40. Qd8+ Kc6 41. Qa8 Kb6 42. Kg3 c5 43. Qd8+ Kc6 44. Kh4 Qh7+ 45. Kg5 Qg7+ 46. Kf5 Qxg2 47. Qc8+ Kb5 48. Qd7+ Qc6 49. Qd3+ Kb6 50. Qc3 Qd5+ 51. Kf4 Qd4+ 52. Qxd4 cxd4 0-1


[Site "https://www.chess.com"]

[Event "Titled Tuesday Blitz May 11 2021"]
[White "Kamsky, Gata"]
[Black "Diaz Camallonga, Carles"]
[WhiteFideId "2000024"]
[BlackFideId "22235256"]
[WhiteElo "2644"]
[BlackElo "2438"]
[Result "1-0"]
[Round "09"]
[TimeControl "180+1"]
[Date "2021.05.11"]
[WhiteClock "0:01:26"]
[BlackClock "0:00:03"]

1. d4 e6 2. Bf4 Nf6 3. Nf3 c5 4. e3 Nc6 5. Nbd2 d5 6. c3 Bd6 7. Bg3 O-O 8. Bd3 b6 9. Qe2 Bb7 10. Rd1 h6 11. Ne5 Qc7 12. f4 Ne7 13. Qf3 Nf5 14. Bf2 Be7 15. g4 Nd6 16. g5 Nfe4 17. gxh6 g6 18. h4 Nxf2 19. Kxf2 Nf5 20. h5 Kh7 21. Rdg1 cxd4 22. exd4 Bh4+ 23. Ke2 Bf6 24. hxg6+ fxg6 25. Nxg6 Rf7 26. Qg4 Bc6 27. Ne5 Bxe5 28. fxe5 Raf8 29. Bxf5+ exf5 30. Qg6+ Kh8 31. h7 Bb5+ 32. Kf2 1-0


[Site "https://www.chess.com"]

[Event "Titled Tuesday Blitz May 11 2021"]
[White "Keymer, Vincent"]
[Black "Wagner, Dennis"]
[WhiteFideId "12940690"]
[BlackFideId "24650684"]
[WhiteElo "2474"]
[BlackElo "2355"]
[Result "1-0"]
[Round "09"]
[TimeControl "180+1"]
[Date "2021.05.11"]
[WhiteClock "0:00:10"]
[BlackClock "0:00:01"]

1. Nf3 Nf6 2. c4 c5 3. Nc3 e6 4. g3 d5 5. cxd5 exd5 6. d4 Nc6 7. Bg2 cxd4 8. Nxd4 Bc5 9. Nb3 Bb6 10. Na4 O-O 11. Nxb6 axb6 12. Be3 h5 13. O-O h4 14. a3 Re8 15. Rc1 h3 16. Bh1 Bg4 17. Re1 Rxe3 18. fxe3 Qe7 19. Qd2 Ne4 20. Qxd5 Nc5 21. Nxc5 Qxe3+ 22. Kf1 Bxe2+ 23. Rxe2 Qxc1+ 24. Re1 Qxc5 25. Qxc5 bxc5 26. Rc1 Rd8 27. Bxc6 bxc6 28. Ke2 Rb8 29. Rc2 Rb3 30. Kd1 f6 31. Kc1 Rf3 32. Kb1 Rf1+ 33. Ka2 Kf7 34. a4 Ke6 35. Rd2 Rg1 36. a5 Rg2 37. Rd1 Re2 38. a6 Kf7 39. Kb3 Re8 40. Kc4 Ra8 41. Ra1 Ke6 42. Kxc5 Kd7 43. b4 Kc7 44. Ra2 g5 45. g4 Rb8 46. a7 Ra8 47. Ra3 Kb7 48. Rxh3 Ka6 49. Ra3+ Kb7 50. Re3 Ka6 51. Re7 f5 52. gxf5 g4 53. f6 Rh8 54. f7 g3 55. hxg3 Rh5+ 56. Kd4 Rd5+ 57. Kc4 Rg5 58. a8=Q+ 1-0


[Site "https://www.chess.com"]

[Event "Titled Tuesday Blitz May 11 2021"]
[White "Le, Tuan Minh"]
[Black "Spata, German"]
[WhiteFideId "12401153"]
[BlackFideId "113026"]
[WhiteElo "2450"]
[BlackElo "2238"]
[Result "1-0"]
[Round "09"]
[TimeControl "180+1"]
[Date "2021.05.11"]
[WhiteClock "0:00:07"]
[BlackClock "0:00:01"]

1. d4 d5 2. Nf3 Nf6 3. Bf4 c5 4. c3 Qb6 5. Qc2 Nc6 6. e3 Bf5 7. dxc5 Bxc2 8. cxb6 axb6 9. Na3 Rxa3 10. bxa3 e6 11. Bb5 Bxa3 12. Nd4 Bg6 13. O-O Ne4 14. c4 dxc4 15. Nxc6 bxc6 16. Bxc6+ Ke7 17. Rad1 Nd6 18. f3 Rc8 19. Bxd6+ Bxd6 20. Be4 Bxe4 21. fxe4 c3 22. Rc1 Ba3 23. Rc2 Bb2 24. Kf2 Ra8 25. Rd1 Rxa2 26. Rd4 Ra7 27. Ke2 b5 28. Rb4 Rb7 29. Kd3 Kd6 30. Rf2 f6 31. Kc2 Kc5 32. Rd4 b4 33. Kb3 Ra7 34. Rc4+ Kd6 35. Kxb4 Rb7+ 36. Ka4 Ra7+ 37. Kb3 Rb7+ 38. Kc2 Ke5 39. Rf4 g5 40. Rf1 h5 41. Rc5+ Kd6 42. Ra5 Rc7 43. Rxf6 Ke7 44. e5 Rd7 45. Rf2 1-0


[Site "https://www.chess.com"]

[Event "Titled Tuesday Blitz May 11 2021"]
[White "Lintchevski, Daniil"]
[Black "Holt, Conrad"]
[WhiteFideId "4171055"]
[BlackFideId "2034387"]
[WhiteElo "2505"]
[BlackElo "2586"]
[Result "0-1"]
[Round "09"]
[TimeControl "180+1"]
[Date "2021.05.11"]
[WhiteClock "0:00:47"]
[BlackClock "0:00:09"]

1. e4 e6 2. d4 d5 3. exd5 exd5 4. Nf3 Bd6 5. c4 c6 6. Nc3 Ne7 7. h3 O-O 8. cxd5 Nxd5 9. Be2 Nf4 10. Bxf4 Bxf4 11. O-O Nd7 12. d5 c5 13. Qa4 Bd6 14. Rad1 Nf6 15. Qh4 Bd7 16. Bd3 Re8 17. Rfe1 h6 18. g4 Nh7 19. Rxe8+ Bxe8 20. Bxh7+ Kxh7 21. g5 Kg8 22. Ne4 Be7 23. d6 Bc6 24. Re1 Bxd6 25. gxh6 Qxh4 26. Nxh4 Re8 27. Nf5 Be5 28. Ng5 Bh2+ 29. Kxh2 Rxe1 30. Nxg7 f6 31. N5e6 Kh7 32. Nf5 Rxe6 0-1


[Site "https://www.chess.com"]

[Event "Titled Tuesday Blitz May 11 2021"]
[White "Martinez Alcantara, Jose Eduardo"]
[Black "Chigaev, Maksim"]
[WhiteFideId "3805662"]
[BlackFideId "4108116"]
[WhiteElo "2690"]
[BlackElo "2646"]
[Result "1-0"]
[Round "09"]
[TimeControl "180+1"]
[Date "2021.05.11"]
[WhiteClock "0:00:23"]
[BlackClock "0:00:01"]

1. e4 g6 2. d4 Bg7 3. c3 d6 4. f4 Nf6 5. Bd3 O-O 6. Nf3 Nc6 7. e5 Nd5 8. O-O dxe5 9. fxe5 f6 10. exf6 exf6 11. Nbd2 f5 12. Re1 Kh8 13. Nc4 f4 14. Bd2 Bf5 15. Qe2 Bxd3 16. Qxd3 Qd7 17. Nce5 Nxe5 18. Nxe5 Qd6 19. b4 c6 20. h4 Kg8 21. Re2 b5 22. a4 a6 23. a5 Bxe5 24. Rxe5 Rae8 25. Rae1 Rxe5 26. Rxe5 f3 27. gxf3 Qf6 28. Bh6 Qxh4 29. Bxf8 Qg3+ 30. Kf1 Kxf8 31. Qe4 Qh3+ 32. Kg1 Qg3+ 33. Kf1 Qh3+ 34. Ke1 Nxc3 35. Qf4+ Kg8 36. Re8+ 1-0


[Site "https://www.chess.com"]

[Event "Titled Tuesday Blitz May 11 2021"]
[White "Nakamura, Hikaru"]
[Black "dropstoneDP"]
[WhiteFideId "2016192"]
[WhiteElo "2900"]
[BlackElo "2911"]
[Result "1/2-1/2"]
[Round "09"]
[TimeControl "180+1"]
[Date "2021.05.11"]
[WhiteClock "0:00:04"]
[BlackClock "0:00:04"]

1. e4 e6 2. f4 d5 3. e5 c5 4. Nf3 Nc6 5. c3 d4 6. Bd3 Nh6 7. Qe2 Be7 8. Na3 a6 9. Nc2 Nf5 10. Be4 Bd7 11. O-O O-O 12. d3 Rc8 13. g4 Nh6 14. h3 dxc3 15. bxc3 Kh8 16. Be3 b5 17. Ng5 Bxg5 18. fxg5 Ng8 19. Bxc5 Re8 20. Qh2 Qxg5 21. Rxf7 Nxe5 22. Be3 Nxf7 23. Bxg5 Nxg5 24. Bg2 Rxc3 25. Nb4 e5 26. Re1 a5 27. Nd5 Rxd3 28. Ne3 Nf6 29. h4 Rxe3 30. Rxe3 Nxg4 31. Qg3 Nxe3 32. Qxe3 Nf7 33. Qa7 Be6 34. Bc6 Rd8 35. Qxa5 b4 36. Be4 g6 37. h5 Kg7 38. Kf2 Rd6 39. Ke3 gxh5 40. Bb1 Rd4 41. Qa8 Rg4 42. Qh1 h4 43. Kf2 h3 44. Be4 Ng5 45. Ba8 e4 46. Qa1+ Kg6 47. Qe5 Rg2+ 48. Ke3 Bf5 49. Bc6 Be6 50. Bxe4+ Nxe4 51. Qxe4+ Kf6 52. Qxb4 Rxa2 53. Qh4+ Kg6 54. Qe4+ Kf6 55. Qf4+ Kg6 56. Qg3+ Kf6 57. Qh4+ Kg6 58. Qe4+ Kf6 59. Qd4+ Kg6 60. Qd6 Kf6 61. Qf8+ Kg6 62. Qe8+ Kf6 63. Qd8+ Kg6 64. Qd6 Kf6 65. Kf4 h2 66. Qe5+ Kf7 67. Qh5+ Kg7 68. Qg5+ Kf7 69. Qh5+ Ke7 70. Qxh7+ Kd6 71. Qh8 Bd5 72. Qd8+ Kc5 73. Qf8+ Kc4 74. Qc8+ Kd3 75. Qh3+ Kd4 76. Qh8+ Kc4 77. Qc8+ Kd3 78. Qh3+ Kc4 79. Qc8+ 1/2-1/2


[Site "https://www.chess.com"]

[Event "Titled Tuesday Blitz May 11 2021"]
[White "Nazaretyan, Tigran"]
[Black "Sethuraman, S.P."]
[WhiteFideId "24162345"]
[BlackFideId "5021596"]
[WhiteElo "2247"]
[BlackElo "2477"]
[Result "1-0"]
[Round "09"]
[TimeControl "180+1"]
[Date "2021.05.11"]
[WhiteClock "0:01:19"]
[BlackClock "0:01:59"]

1. d4 d5 2. c4 c6 3. Nf3 Nf6 4. Nc3 a6 5. e3 Bf5 6. Bd3 Bxd3 7. Qxd3 e6 8. O-O Bb4 9. Bd2 O-O 10. Nxd5 Nxd5 11. cxd5 Bxd2 12. dxe6 Ba5 13. exf7+ Rxf7 14. Ne5 Re7 15. Rfd1 Qd5 16. e4 Qb5 17. Qh3 Bc7 18. Qc8+ 1-0


[Site "https://www.chess.com"]

[Event "Titled Tuesday Blitz May 11 2021"]
[White "Oparin, Grigoriy"]
[Black "Matlakov, Maxim"]
[WhiteFideId "24125890"]
[BlackFideId "4168003"]
[WhiteElo "2628"]
[BlackElo "2760"]
[Result "1-0"]
[Round "09"]
[TimeControl "180+1"]
[Date "2021.05.11"]
[WhiteClock "0:01:55"]
[BlackClock "0:00:14"]

1. Nf3 Nf6 2. g3 g6 3. Bg2 Bg7 4. c4 O-O 5. Nc3 d6 6. O-O e5 7. d4 Nc6 8. dxe5 dxe5 9. Bg5 Be6 10. Qa4 Qc8 11. Nd2 Nd7 12. Bxc6 Nb6 13. Qb5 a6 14. Qc5 bxc6 15. Qxc6 h6 16. Be3 Rd8 17. Rfd1 Rb8 18. b3 Bd7 19. Qh1 Bg4 20. Nde4 f5 21. h3 Bh5 22. g4 Rxd1+ 23. Rxd1 fxg4 24. h4 Qe6 25. Ng3 Bf6 26. Nce4 Bg7 27. Nc5 Qf7 28. Qc6 Rf8 29. Nce4 Kh8 30. c5 Nc8 31. Rd7 Qg8 32. Qxc7 1-0


[Site "https://www.chess.com"]

[Event "Titled Tuesday Blitz May 11 2021"]
[White "Petriashvili, Nikoloz"]
[Black "Aditya Mittal"]
[WhiteFideId "13611216"]
[BlackFideId "35042025"]
[WhiteElo "2430"]
[BlackElo "2171"]
[Result "0-1"]
[Round "09"]
[TimeControl "180+1"]
[Date "2021.05.11"]
[WhiteClock "0:00:10"]
[BlackClock "0:00:17"]

1. d4 Nf6 2. c4 e6 3. g3 d5 4. Bg2 dxc4 5. Nf3 a6 6. Ne5 Bb4+ 7. Nc3 Nd5 8. Bd2 Bxc3 9. bxc3 b5 10. O-O O-O 11. e4 Nb6 12. h4 Bb7 13. h5 N8d7 14. h6 g6 15. Qf3 f6 16. Nxd7 Qxd7 17. Qe2 f5 18. Rae1 Rae8 19. f3 Na4 20. g4 c5 21. gxf5 exf5 22. Qe3 f4 23. Qf2 Nb2 24. d5 Nd3 25. Qh4 Bc8 26. Re2 Re5 27. Qg4 Qd8 28. Qxc8 Qxc8 29. Be1 Rh5 30. Bf2 Re8 31. Rd1 Rxh6 32. Red2 Qd8 33. Bf1 Qg5+ 34. Bg2 Qe5 35. Rxd3 cxd3 36. Rxd3 c4 37. Rd4 Rh5 38. Kf1 Rg5 39. Bh4 Rxg2 40. Kxg2 g5 41. Be1 h5 42. Bf2 g4 43. d6 Rd8 44. Rd5 Qxd5 45. exd5 Rxd6 46. Bc5 Rxd5 47. Bb4 Rd3 48. Kf1 Rxf3+ 49. Ke2 Rd3 50. a3 Kf7 51. Kf2 Ke6 52. Ke2 Kf5 0-1


[Site "https://www.chess.com"]